Map: Orbital Shipyard

Players

wabbajack - Winner!

  • Race: Zerg Zerg
  • League: Grandmaster

Bishop

  • Race: Terran Terran
  • League: Grandmaster

VOD

Have the link to the VOD?

Description

Time

  • Played on: July 15, 2015, 2:21 p.m.
  • Length: 5:34
Show
View Real Time Build Order
Export as new Build Order

wabbajack Zerg - Winner!

Build Orders: Hatch First, Ravager All-In 

Get SALT Encoding   

  12  0:01  Drone  
  13  0:10  Drone  
  14  0:17  Overlord  
  14  0:26  Extractor  
  14  0:28  Drone, Extractor  
  14  0:29  Drone  
  16  0:36  Drone  
  17  0:54  Hatchery  
  16  0:57  Drone  
  16  1:00  Drone  
  18  1:04  Extractor  
  18  1:06  Drone  
  18  1:17  Drone  
  19  1:23  Spawning Pool  
  18  1:29  Drone  
  19  1:41  Overlord  
  19  1:51  Drone  
  20  2:01  Drone  
  21  2:07  Drone  
  22  2:10  Queen  
  22  2:11  Queen  
  22  2:12  Zergling x2  
  27  2:20  Drone  
  28  2:25  Drone  
  29  2:39  Roach Warren  
  29  2:41  Extractor  
  29  2:42  Drone x3  
  30  2:48  Queen  
  32  2:56  Drone  
  32  2:57  Overlord x2  
  33  3:16  Drone  
  34  3:20  Roach  
  34  3:21  Roach  
  34  3:24  Roach x3  
  44  3:29  Overlord  
  44  3:32  Metabolic Boost  
  44  3:36  Roach x2  
  44  3:41  Roach  
  50  3:42  Roach  
  52  4:07  Overlord  
  52  4:08  Overlord  
  52  4:10  Zergling x2  
  52  4:11  Zergling x14  
  60  4:28  Zergling x2  
  60  4:29  Zergling x14  
  68  4:48  Ravager x5  
  68  4:49  Ravager  
  68  4:50  Overlord x2  
Show
View Real Time Build Order
Export as new Build Order

Bishop Terran 

Build Orders:  

Get SALT Encoding   

  12  0:01  SCV  
  13  0:14  Supply Depot  
  13  0:18  SCV  
  14  0:30  SCV  
  15  0:41  Barracks  
  15  0:43  SCV  
  16  0:55  SCV  
  17  1:14  Command Center  
  17  1:17  SCV  
  18  1:30  Orbital Command  
  18  1:35  Refinery  
  18  1:38  Refinery  
  18  1:58  SCV  
  19  2:10  SCV  
  20  2:22  SCV, Barracks  
  21  2:29  Orbital Command  
  21  2:46  Marine  
  22  2:56  Factory  
  22  3:02  Orbital Command  
  21  3:07  SCV  
  22  3:15  Barracks Reactor, Barracks  
  22  3:19  SCV  
  23  3:28  SCV  
  23  3:31  SCV  
  23  3:32  Refinery  
  23  3:34  Refinery  
  25  3:37  Engineering Bay  
  25  3:40  SCV  
  26  3:41  Engineering Bay  
  26  3:43  SCV  
  26  3:46  Barracks Tech Lab, Widow Mine  
  29  3:52  SCV, Marine x2, Supply Depot  
  29  3:54  Supply Depot  
  29  3:55  SCV  
  33  4:03  Barracks Reactor  
  33  4:04  SCV, Barracks  
  34  4:13  Marine x2  
  34  4:14  Widow Mine  
  34  4:16  SCV  
  39  4:26  Marauder  
  39  4:31  Reaper, Marine  
  43  4:35  SCV  
  43  4:36  SCV  
  45  4:39  Supply Depot  
  45  4:41  Marine x2  
  47  4:55  Widow Mine  
  47  4:57  Barracks Reactor  
  47  4:59  Supply Depot  
  49  5:01  Marine x3  
Tags
 
Add a new tag
Caveats
  • Supply blocks, unpowered buildings, or Contaminate may cause inaccurate times.
  • Supply counts are checked every 10 seconds.